 Dungeon Crawl Stone Soup version 0.28.0-53-g5a82cb258f (webtiles) character file.

Game seed: 6974564529295834965

722 Ashen the Chiller (level 7, -2/70 HPs)
             Began as an Ogre Ice Elementalist on June 18, 2022.
             Slain by a gnoll
             ... wielding a +0 spear
              (5 damage)
             ... on level 6 of the Dungeon.
             The game lasted 00:11:43 (5835 turns).

Ashen the Chiller (Ogre Ice Elementalist)           Turns: 5835, Time: 00:11:47

Health: -2/70      AC: 10    Str: 13    XL:     7   Next: 71%
Magic:  0/13       EV: 10    Int: 18    God:
Gold:   194        SH:  0    Dex:  9    Spells: 2/15 levels left

rFire   . . .      SeeInvis .   w - +1 flail (holy)
rCold   . . .      Faith    .   (no shield)
rNeg    . . .      Spirit   .   t - +0 animal skin
rPois   .          Reflect  .   h - +0 hat
rElec   .          Harm     .   f - +0 cloak
rCorr   .          Rampage  .   (gloves unavailable)
Will    .....                   (boots unavailable)
Stlth   ++........              (no amulet)
HPRegen 0.21/turn               (no ring)
MPRegen 0.13/turn               (no ring)

@: lethally poisoned (-2 -> -5), ice-armoured, very slightly contaminated
A: large, unfitting armour, tough skin 1
a: no special abilities


You were on level 6 of the Dungeon.
You visited 1 branch of the dungeon, and saw 6 of its levels.

You collected 194 gold pieces.

Inventory:

Hand Weapons
 n - a +0 dagger of venom
 v - a +0 flail of protection
 w - a +1 flail of holy wrath (weapon)
 z - a +3 long sword of electrocution
Armour
 f - a +0 cloak (worn)
 h - a +0 hat (worn)
 t - a +0 animal skin (worn)
Magical Staves
 u - a staff of conjuration
Wands
 j - a wand of flame (2)
 r - a wand of polymorph (12)
 A - a wand of iceblast (7)
Scrolls
 b - 4 scrolls of identify {unknown}
 c - 2 scrolls of enchant weapon {unknown}
 d - 2 scrolls of amnesia {unknown}
 g - a scroll of immolation {unknown}
 i - a scroll of fear {unknown}
 k - 3 scrolls of teleportation {unknown}
 o - 2 scrolls of enchant armour {unknown}
 s - a scroll of holy word {unknown}
 y - a scroll of blinking {unknown}
Potions
 a - a potion of flight {unknown}
 e - a potion of mutation {unknown}
 l - a potion of brilliance
 m - a potion of lignification {unknown}
 p - 3 potions of curing {unknown}
 q - a potion of berserk rage {unknown}
 x - a potion of cancellation {unknown}


   Skills:
 + Level 4.1 Fighting
 + Level 2.4 Maces & Flails
 + Level 3.5 Dodging
 + Level 2.9 Stealth
 + Level 4.5 Spellcasting
 + Level 0.7 Conjurations
 + Level 4.7 Ice Magic


You had 2 spell levels left.
You knew the following spells:

 Your Spells              Type           Power      Damage    Failure   Level
a - Freeze                Ice            84%        1d10      1%          1
b - Frozen Ramparts       Ice            42%        1d6       6%          3
c - Ozocubu's Armour      Ice            21%        N/A       6%          3
d - Hailstorm             Conj/Ice       13%        3d5       41%         4
e - Ensorcelled Hibernat  Hex/Ice        24%        N/A       9%          2

Your spell library contained the following spells:

 Spells                   Type           Power      Damage    Failure   Level
 Sandblast                Erth           8%         2d5       14%         1
 Passwall                 Tmut/Erth      3%         N/A       22%         2
 Stone Arrow              Conj/Erth      10%        3d7       36%         3
 Gell's Gravitas          Tloc           4%         N/A       38%         3
 Lesser Beckoning         Tloc           4%         N/A       38%         3
 Spider Form              Tmut/Pois      4%         N/A       38%         3
 Teleport Other           Tloc           4%         N/A       38%         3
 Anguish                  Hex/Necr       2%         N/A       80%         4


Dungeon Overview and Level Annotations

Branches:
Dungeon (6/15)
 Temple: D:4-7

Altars:
Kikubaaqudgha
The Shining One

Annotations:
D:2 Sigmund
D:5 Eustachio, Grinder


Innate Abilities, Weirdness & Mutations

You are too large for most types of armour.
You have tough skin. (AC +1)


Message History

Aiming: Freeze (safe; 1% risk of failure)
Press: ? - help, Shift-Dir - straight line, f/p - scorpion
Aim: a scorpion (severely wounded)
You miscast Freeze.
You are very lightly contaminated with residual magic.
Nothing appears to happen.
You feel very sick.
The wall freezes the scorpion.
The scorpion barely misses you.
The wall freezes the gnoll.
The gnoll hits you but does no damage.
Casting: Freeze (safe; 1% risk of failure)
Confirm with . or Enter, or press ? or * to list all spells.
Aiming: Freeze (safe; 1% risk of failure)
Press: ? - help, Shift-Dir - straight line, f/p - scorpion
Aim: a scorpion (almost dead)
You freeze the scorpion.
You kill the scorpion!
You feel sick.
The wall freezes the gnoll.
The gnoll closely misses you.
You hear a shout!
The frozen ramparts melt away.
You feel sick.
You hear a shout!
The gnoll hits you from afar with a +0 spear!
* * * LOW HITPOINT WARNING * * *
Casting: Freeze (safe; 1% risk of failure)
Confirm with . or Enter, or press ? or * to list all spells.
Aiming: Ensorcelled Hibernation (safe; 9% risk of failure)
Press: ? - help, Shift-Dir - straight line, f - gnoll
Aim: a gnoll, wielding a +0 spear (almost dead, chance to affect: 54%)
The gnoll resists with significant effort.
* * * LOW HITPOINT WARNING * * *
You feel sick. The gnoll closely misses you.
Casting: Ensorcelled Hibernation (safe; 9% risk of failure)
Confirm with . or Enter, or press ? or * to list all spells.
Aiming: Ensorcelled Hibernation (safe; 9% risk of failure)
Press: ? - help, Shift-Dir - straight line, f/p - gnoll
Aim: a gnoll, wielding a +0 spear (almost dead, chance to affect: 54%)
The gnoll resists with significant effort.
* * * LOW HITPOINT WARNING * * *
You feel sick.
The gnoll hits you from afar with a +0 spear.
You die...

# #. ..
#.#g######.#
#....@.....#
##.........#
#..######....
#.. ... #. .
#. #


You could see a gnoll.

Vanquished Creatures
  Edmund (D:4)
  A necrophage (D:5)
  Blork the orc (D:5)
  A scorpion (D:6)
  A centaur zombie (D:5)
  A hound (D:5)
  An orc priest (D:4)
  An orc wizard (D:3)
  Natasha (thrice) (D:3)
  An iguana (D:4)
  A howler monkey zombie (D:4)
  Robin (D:3)
  7 adders
  A shadow imp (D:5)
  A white imp (D:5)
  3 dart slugs
  9 orcs
  3 endoplasms
  4 giant cockroaches
  13 goblins
  4 hobgoblins
  3 quokkas
  7 ball pythons
  3 bats
  A frilled lizard (D:2)
  7 kobolds
  3 rats
83 creatures vanquished.

Vanquished Creatures (others)
  4 plants (D:6)
4 creatures vanquished.

Grand Total: 87 creatures vanquished

Notes
Turn   | Place    | Note
-------+----------+-------------------------------------------
     0 | D:1      | Ashen the Ogre Ice Elementalist began the quest for the
                  | Orb.
     0 | D:1      | Reached XP level 1. HP: 16/16 MP: 3/3
   465 | D:1      | Reached XP level 2. HP: 26/26 MP: 2/5
   955 | D:2      | Reached skill level 1 in Fighting
  1401 | D:2      | Reached XP level 3. HP: 24/33 MP: 5/7
  1405 | D:2      | Learned a level 3 spell: Frozen Ramparts
  1409 | D:2      | Learned a level 3 spell: Ozocubu's Armour
  1517 | D:2      | Noticed Sigmund
  2453 | D:3      | Noticed Natasha
  2459 | D:3      | Killed Natasha
  2460 | D:3      | Reached XP level 4. HP: 22/42 MP: 4/8
  2747 | D:3      | Reached skill level 1 in Maces & Flails
  2747 | D:3      | Reached XP level 5. HP: 47/49 MP: 6/9
  2856 | D:3      | Noticed Natasha
  2878 | D:3      | Killed Natasha
  2968 | D:3      | Noticed Natasha
  2976 | D:3      | Killed Natasha
  3091 | D:3      | Noticed Robin
  3243 | D:3      | Killed Robin
  3679 | D:4      | Reached XP level 6. HP: 6/59 MP: 1/11
  3959 | D:4      | Noticed Edmund
  3974 | D:4      | Killed Edmund
  4287 | D:4      | Found an ancient bone altar of Kikubaaqudgha.
  4324 | D:4      | Found a glowing golden altar of the Shining One.
  4679 | D:5      | Entered Level 5 of the Dungeon
  4696 | D:5      | Learned a level 4 spell: Hailstorm
  4898 | D:5      | Noticed Blork the orc
  4922 | D:5      | Killed Blork the orc
  4923 | D:5      | Reached XP level 7. HP: 25/67 MP: 4/13
  4993 | D:5      | Learned a level 2 spell: Ensorcelled Hibernation
  5158 | D:5      | Noticed Eustachio
  5658 | D:5      | Noticed Grinder
  5668 | D:5      | Paralysed by Grinder for 6 turns
  5682 | D:5      | Paralysed by Grinder for 2 turns
  5835 | D:6      | HP: 3/70 [poisoned by a scorpion]
  5835 | D:6      | Slain by a gnoll

Illustrated notes

Levels and vault maps discovered:
D:1:      dpeg_arrival_simpleton_a, layout_basic, minmay_misc_feat_secret_circle
D:2:      layout_basic, uniq_sigmund
D:3:      layout_basic, kennysheep_generic_room_13, uniq_robin, uniq_natasha
D:4:      layout_loops_ring, mainiacjoe_overflow_catwalk, tso_oasis_becter,
          uniq_edmund
D:5:      layout_loops_ring, uniq_eustachio, uniq_grinder, uniq_blork_the_orc
D:6:      layout_loops_ring, amcnicky_mini_rare_corridor_liquid,
          nicolae_grassy_gnolls

Skill      XL: |  1  2  3  4  5  6  7 |
---------------+----------------------+-----
Dodging        | 2 3 |  3.5
Fighting       | 1 2 3 4 |  4.1
Spellcasting   | 3 4 |  4.5
Stealth        | 2 |  2.9
Maces & Flails | 1 2 |  2.4
Ice Magic      | 4 |  4.7
Conjurations   | |  0.7

Action                   |  1- 3 |  4- 6 |  7- 9 || total
-------------------------+-------+-------+-------++-------
Melee: Unarmed           |    25 |    21 |       ||    46
       Whip              |     2 |    10 |       ||    12
       Punch             |     1 |     1 |     2 ||     4
       Club              |     1 |       |       ||     1
       Dagger            |       |    31 |     7 ||    38
       Flail             |       |    12 |    16 ||    28
 Cast: Freeze            |    56 |    25 |    10 ||    91
       Frozen Ramparts   |       |     7 |     1 ||     8
       Ozocubu's Armour  |       |     4 |     1 ||     5
       Ensorcelled Hiber |       |       |     6 ||     6
  Use: Potion            |       |     1 |       ||     1
 Stab: Sleeping          |       |     1 |     2 ||     3
Armor: Robe              |    29 |    13 |       ||    42
       Animal skin       |       |     9 |    27 ||    36
Dodge: Dodged            |    37 |    55 |    24 ||   116
